AoeStats
← tahasnmz

Arabia

506723543Analyzed
1v1 RM · 17d ago on Sep 14, 2026· 46m 33s· 2 players
Game mode
Random Map
Map size
Tiny (2 player)
Population
200
Speed
Normal
Resources
Standard
Victory
Conquest
Starting age
Dark Age
Ending age
Imperial Age
RankedLock teamsTeams togetherTeam positionsShared explorationLock speedFull tech treeHidden civsTurbo modeCheats
Victory
Defeat
🇹🇷 Mongols · Türkiye
1024
+17
🇨🇴 Franks · Colombia
1037
-17
tahasnmz
1:20 Loom
6:03 Loom
8:42 Feudal Age
11:03 Double-Bit Axe
13:40 Horse Collar
16:01 Gold Mining
20:27 Castle Age
18:46 Bloodlines
19:50 Forging
19:46 Scale Barding Armor
20:39 Town Watch
21:45 Bow Saw
24:29 Chain Barding Armor
24:33 Husbandry
25:41 Stone Mining
28:05 Wheelbarrow
29:47 Fletching
35:36 Hand Cart
41:17 Imperial Age
41:37 Squires
41:22 Arson
41:47 Bodkin Arrow
42:27 Iron Casting
41:58 Heavy Camel Rider
43:44 Conscription
44:02 Bracer
44:31 Ballistics
46:23 Masonry
alcar2415
8:08 Loom
10:13 Feudal Age
22:36 Castle Age
21:24 Gold Mining
21:22 Double-Bit Axe
22:36 Scale Barding Armor
22:43 Forging
22:56 Stone Mining
25:48 Chain Barding Armor
29:03 Iron Casting
34:12 Wheelbarrow
36:18 Pikeman
44:03 Imperial Age
42:13 #83
44:11 Gold Shaft Mining
43:44 Scale Mail Armor
Connection lost

Rejoining the realm…

Still unreachable

The connection could not be restored.

Session expired

The server has moved on; the page needs a fresh start.